Unix NetHack Version 5.0.0-0 post-release - last build May 10 2026 23:12:36 (d1fa5d53e341ca933230fdaa984d921c805b60aa,branch:main).

Game began 2026-05-13 17:41:13, ended 2026-05-14 01:30:17.

IanCurtis, chaotic male elven Wizard

                                  ... G  G
                                ...).
                             G  )@.f.
                                .<.f
                                ...

IanCurtis the Conjurer    St:10 Dx:18 Co:12 In:18 Wi:12 Ch:9  Chaotic
Dlvl:3  $:54 HP:0(36) Pw:37(53) AC:6  Xp:5 T:3039  Burdened

Latest messages:
 You are caught in the gas spore's explosion!
 You swap places with your kitten.
 You miss the iguana.
 The iguana bites!
 The iguana bites!
 You hit the iguana!
 The iguana bites!
 You kill the iguana!
 Welcome to experience level 5.
 You swap places with your kitten.
 The kitten bites the werejackal.
 The werejackal misses the kitten.
 The kitten bites the werejackal.
 The werejackal changes into a jackal.
 The werejackal bites!
 You feel feverish.
 The kitten bites the werejackal.
 The werejackal misses the kitten.
 In what direction? b
 The spell misses the werejackal.
 The werejackal bites!
 The kitten misses the werejackal.
 The kitten misses the werejackal.
 In what direction? b
 The spell misses the werejackal.
 The werejackal bites!
 The kitten misses the werejackal.
 The kitten misses the werejackal.
 In what direction? b
 The spell hits the werejackal!
 You kill the werejackal!
 You swap places with your kitten.
 The iguana bites!
 In what direction? j
 The spell hits the iguana!
 You kill the iguana!
 You hear a jackal howling at the moon.
 You climb up the stairs.
 You swap places with your kitten.
 You fall down the stairs.
 The gnome shoots an arrow!
 You are hit by an arrow!
 The stairs are solidly affixed.
 The gnome lord shoots 3 crossbow bolts!
 You are hit by the 1st crossbow bolt.
 You are hit by the 2nd crossbow bolt!
 Wizard, your life force is running out.
 You are hit by the 3rd crossbow bolt.
 You die...
 Do you want your possessions identified? [ynq] (y) q

Inventory:
 Coins    ('$')
  $ - 54 gold pieces
 Weapons  (')')
  a - a blessed +1 quarterstaff (weapon in hands)
 Armor    ('[')
  z - an uncursed +0 orcish helm (being worn)
  q - an uncursed +0 pair of high boots (being worn)
  y - an uncursed +0 cloak of displacement
  b - an uncursed +0 cloak of magic resistance (being worn)
 Comestibles  ('%')
  C - an uncursed cram ration
  u - 4 uncursed food rations
 Scrolls  ('?')
  E - an uncursed scroll of enchant weapon
  j - an uncursed scroll of food detection
  w - an uncursed scroll of identify
  i - 4 uncursed scrolls of scare monster
  F - an uncursed scroll of teleportation named teleport
 Spellbooks  ('+')
  l - an uncursed spellbook of detect monsters
  r - an uncursed spellbook of detect monsters
  k - a blessed spellbook of force bolt
  B - an uncursed spellbook of haste self
  p - an uncursed spellbook of identify
  x - an uncursed spellbook of light
 Potions  ('!')
  f - an uncursed potion of water
  g - an uncursed potion of water
  h - an uncursed potion of water
 Rings    ('=')
  e - an uncursed ring of free action
  d - an uncursed ring of poison resistance
 Wands    ('/')
  t - a wand of create monster (0:13)
  c - a wand of digging (0:6)
  v - a wand of slow monster (0:5)
 Tools    ('(')
  n - an uncursed leather drum
  o - an uncursed brass lantern
  m - a magic marker (0:19)

IanCurtis the Wizard's attributes:

Background:
 You were a Conjurer, a level 5 male elven Wizard.
 You were chaotic, nominally on a mission for Anhur
 who was opposed by Ptah (lawful) and Thoth (neutral).
 You were right-handed.
 You were in the Gnomish Mines, on level 3.
 You entered the dungeon 3039 turns ago.
 It was nighttime.
 You had 177 experience points, 143 more were needed to attain level 6.

Basics:
 You had 0 out of 36 hit points.
 You had 37 out of 53 energy points (spell power).
 Your armor class was 6.
 Your wallet contained 54 zorkmids.
 Autopickup was off.

Final Characteristics:
 Your strength was 10 (limit:18).
 Your dexterity was 18 (limit:18).
 Your constitution was 12 (limit:16).
 Your intelligence was 18 (limit:20).
 Your wisdom was 12 (limit:20).
 Your charisma was 9 (limit:18).

Final Status:
 You weren't hungry.
 You were burdened; movement was slightly slowed.
 You were wielding a quarterstaff.
 You had basic skill with quarterstaff.

Final Attributes:
 You were piously aligned.
 You were magic-protected.
 You were sleep resistant.
 You were level-drain resistant.
 You had infravision.
 You were warded.
 You were a werejackal.
 You were harmed by silver.
 You are dead.

Miscellaneous:
 You didn't encounter any bones levels.
 Total elapsed playing time was 1 hour, 19 minutes and 45 seconds.

Major events:
 Turn
    1: IanCurtis the chaotic male elven Wizard entered the dungeon
  756: entered the Gnomish Mines
 1114: attained the rank of Conjurer (level 3)
 3039: killed by a crossbow bolt

Spells:
 Name                 Level Category     Fail Retention
 force bolt             1   attack         0%   81%-90%
 detect monsters        1   divination     0%  76%-100%

Skills:
 Fighting Skills
   bare handed combat [Unskilled]
   riding             [Unskilled]
 Weapon Skills
   dagger             [Unskilled]
   knife              [Unskilled]
   axe                [Unskilled]
   short sword        [Unskilled]
   club               [Unskilled]
   mace               [Unskilled]
   quarterstaff       [Basic]
   polearms           [Unskilled]
   spear              [Unskilled]
   trident            [Unskilled]
   sling              [Unskilled]
   dart               [Unskilled]
   shuriken           [Unskilled]
 Spellcasting Skills
   attack spells      [Basic]
   healing spells     [Unskilled]
   divination spells  [Unskilled]
   enchantment spells [Basic]
   clerical spells    [Unskilled]
   escape spells      [Unskilled]
   matter spells      [Unskilled]

Voluntary challenges:
 Character rerolling was not enabled.
 You were an atheist.
 You never genocided any monsters.
 You never polymorphed an object.
 You never changed form.
 You used no wishes.
Achievements:
 You entered a shop.
 You entered the Gnomish Mines.
 You attained the rank of Conjurer.

 The Dungeons of Doom: levels 1 to 5
    Level 1:
    Level 2:
       A general store.
       Stairs down to The Gnomish Mines.
    Level 3: "vault"
    Level 4: "vault"
       A fountain.
    Level 5:
       Many fountains.
       Oracle of Delphi.
 The Gnomish Mines:
    Level 3: <- You were here.
       Final resting place for
          you, killed by a crossbow bolt.


Vanquished creatures:
  a golden naga hatchling
 an elf zombie
  a giant ant
  a dwarf
  a homunculus
  2 orc zombies
  a dwarf zombie
  a wererat
  a werejackal
  5 iguanas
  2 coyotes
  2 gas spores
  a large kobold
  3 giant rats
  a green mold
  a gnome
  a gnome zombie
  a gecko
  4 jackals
  3 foxes
  a goblin
  a sewer rat
  4 grid bugs
  2 bats
  6 lichens
  a kobold zombie
  5 newts
54 creatures vanquished.

No species were genocided or became extinct.

Game over:
                       ----------
                      /          \
                     /    REST    \
                    /      IN      \
                   /     PEACE      \
                  /                  \
                  |    IanCurtis     |
                  |      54 Au       |
                  |   killed by a    |
                  |  crossbow bolt   |
                  |                  |
                  |                  |
                  |       2026       |
                 *|     *  *  *      | *
        _________)/\\_//(\/(/\)/\//\/|_)_______

Goodbye IanCurtis the Wizard...

You died in The Gnomish Mines on dungeon level 3 with 957 points,
and 54 pieces of gold, after 3039 moves.
You were level 5 with a maximum of 36 hit points when you died.

